Map: Distretto abbandonato

Players

Jhyrachy - Winner!

  • Race: Zerg Zerg
  • League: Gold
  • Spawn Location: 3:00

mikeII - Winner!

  • Race: Protoss Protoss
  • Spawn Location: 6:00

snowkitesurf - Winner!

  • Race: Terran Terran
  • Spawn Location: 6:00

Astor - Winner!

  • Race: Zerg Zerg
  • League: Bronze
  • Spawn Location: 7:00

Xeno

  • Race: Zerg Zerg
  • Spawn Location: 9:00

cavasaigner

  • Race: Terran Terran
  • Spawn Location: 12:00

Дурень

  • Race: Terran Terran
  • League: Bronze
  • Spawn Location: 3:00

UnHoLy

  • Race: Protoss Protoss
  • League: Gold
  • Spawn Location: 12:00

VOD

Have the link to the VOD?

Description

Time

  • Played on: April 20, 2016, 6:02 p.m.
  • Length: 13:10
Show
View Real Time Build Order
Export as new Build Order

Jhyrachy Zerg - Winner!

Build Orders: Hatch First 

Get SALT Encoding   

  12  0:02  Drone  
  13  0:09  Drone  
  14  0:17  Overlord  
  14  0:36  Drone x3  
  17  1:02  Hatchery  
  16  1:12  Drone x2  
  16  1:13  Drone  
  16  1:16  Extractor  
  18  1:21  Spawning Pool  
  17  1:26  Drone  
  18  1:38  Drone  
  19  1:45  Overlord  
  19  2:08  Queen  
  19  2:12  Drone  
  22  2:16  Metabolic Boost, Evolution Chamber  
  21  2:28  Queen  
  23  2:38  Drone x2  
  25  3:12  Pneumatized Carapace  
  25  3:17  Drone  
  25  3:18  Drone x5  
  31  3:35  Extractor  
  31  3:37  Drone x3  
  31  3:38  Drone  
  34  3:53  Drone x2  
  34  3:54  Overlord  
  36  4:01  Zerg Melee Weapons Level 1  
  36  4:17  Drone  
  36  4:18  Drone x4  
  36  4:19  Drone  
  36  4:22  Overlord x2  
  42  4:28  Drone  
  43  4:35  Hatchery, Overlord, Queen  
  44  4:58  Zergling x2  
  44  4:59  Zergling x14  
  52  5:03  Overlord x2  
  52  5:04  Overlord x2  
  52  5:24  Zergling x8  
  56  6:00  Zerg Ground Armor Level 1  
  56  6:03  Zergling x2  
  56  6:04  Zergling x16  
  60  6:11  Zergling x2  
  60  6:12  Zergling x8  
  62  6:20  Spore Crawler  
  62  6:22  Spore Crawler  
  62  6:25  Spore Crawler  
  59  6:27  Spore Crawler  
  59  6:32  Queen x3  
  58  6:33  Spore Crawler  
  57  7:06  Spore Crawler  
  52  7:37  Lair  
  52  7:44  Drone x2  
  52  7:45  Drone x4  
  52  7:46  Drone x2  
  52  7:47  Drone x2  
  62  8:08  Evolution Chamber  
  56  9:02  Hydralisk Den  
  54  9:03  Zerg Missile Weapons Level 1, Zerg Ground Armor Level 2  
  53  9:15  Extractor  
  53  9:16  Drone  
  53  9:17  Drone x2, Extractor  
  50  9:18  Drone x3  
  50  9:19  Drone x4  
  52  9:37  Muscular Augments  
  52  9:40  Infestation Pit  
  52  9:44  Nydus Network  
  52  9:45  Hatchery, Hydralisk x4  
  50  9:46  Hydralisk x11  
  50  9:49  Zergling x10  
  50  9:50  Zergling x12  
  50  9:52  Overlord x3  
  90  10:17  Hive, Extractor  
  89  10:22  Extractor  
  88  10:30  Nydus Canal  
  88  10:50  Nydus Canal  
  88  10:54  Hydralisk  
  88  10:55  Hydralisk x7  
  102  12:17  Queen  
  100  12:33  Nydus Canal  
Show
View Real Time Build Order
Export as new Build Order

mikeII Protoss - Winner!

Build Orders:  

Get SALT Encoding   

  12  0:03  Probe (Chrono Boost)  
  13  0:16  Pylon  
  13  0:18  Probe (Chrono Boost)  
  14  0:28  Probe (Chrono Boost)  
  15  0:39  Probe (Chrono Boost)  
  17  0:50  Probe (Chrono Boost)  
  17  1:00  Probe (Chrono Boost)  
  18  1:06  Nexus  
  18  1:11  Probe (Chrono Boost)  
  19  1:16  Assimilator  
  19  1:21  Probe (Chrono Boost)  
  19  1:24  Assimilator  
  20  1:32  Probe (Chrono Boost)  
  21  1:38  Gateway  
  21  1:48  Probe (Chrono Boost)  
  22  1:58  Pylon  
  22  1:59  Probe (Chrono Boost)  
  23  2:17  Probe (Chrono Boost)  
  23  2:20  Probe (Chrono Boost)  
  25  2:28  Cybernetics Core  
  25  2:35  Assimilator  
  25  2:39  Assimilator, Probe x2 (Chrono Boost)  
  27  2:49  Probe (Chrono Boost)  
  27  2:50  Probe (Chrono Boost)  
  29  3:00  Probe x2 (Chrono Boost)  
  31  3:10  Stargate x2, Probe (Chrono Boost)  
  31  3:11  Probe (Chrono Boost)  
  33  3:15  Stargate  
  33  3:18  Pylon  
  33  3:24  Probe x2 (Chrono Boost)  
  33  3:27  Pylon  
  35  3:34  Probe (Chrono Boost)  
  35  3:35  Probe (Chrono Boost)  
  37  3:45  Probe x2 (Chrono Boost)  
  40  3:55  Probe (Chrono Boost)  
  40  3:56  Probe (Chrono Boost)  
  40  3:57  Void Ray (Chrono Boost)  
  40  4:00  Void Ray (Chrono Boost)  
  53  4:17  Probe, Void Ray (Chrono Boost)  
  53  4:18  Probe  
  55  4:30  Probe x2  
  57  4:36  Void Ray (Chrono Boost)  
  61  4:42  Probe  
  62  5:27  Pylon  
  62  5:29  Nexus, Pylon  
  62  5:30  Protoss Air Armor Level 1 (Chrono Boost)  
  62  5:32  Assimilator, Pylon  
  62  5:36  Assimilator, Pylon  
  62  5:44  Forge, Void Ray (Chrono Boost)  
  62  5:45  Probe, Void Ray (Chrono Boost)  
  62  5:49  Void Ray (Chrono Boost)  
  75  5:51  Robotics Facility  
  75  6:13  Protoss Shields Level 1 (Chrono Boost)  
  75  6:22  Photon Cannon  
  75  6:25  Photon Cannon  
  75  6:28  Photon Cannon  
  75  6:39  Void Ray  
  79  6:40  Void Ray x2  
  79  6:43  Observer (Chrono Boost)  
  88  6:56  Pylon  
  88  6:59  Pylon  
  88  7:01  Pylon  
  88  7:03  Probe x2  
  88  7:04  Probe  
  91  7:10  Observer (Chrono Boost)  
  92  7:15  Probe  
  92  7:16  Probe x2  
  92  7:22  Void Ray  
  99  7:24  Photon Cannon  
  99  7:27  Photon Cannon  
  99  7:28  Probe x3  
  102  7:30  Photon Cannon  
  102  7:40  Probe  
  103  7:54  Void Ray x2  
  111  8:05  Void Ray  
  104  8:37  Void Ray x2  
  112  8:48  Void Ray  
  116  9:20  Void Ray x2  
  119  10:21  Void Ray x2  
  119  10:22  Void Ray  
  119  10:24  Probe x2  
  133  10:47  Protoss Ground Armor Level 1  
  133  10:48  Protoss Air Weapons Level 1  
  133  11:00  Pylon  
  133  11:01  Pylon  
  133  11:02  Pylon  
  133  11:03  Pylon x2  
  133  11:05  Pylon  
  133  11:11  Pylon x2  
  133  11:13  Pylon  
  133  11:14  Pylon  
  133  11:17  Void Ray x2, Fleet Beacon  
  141  11:19  Probe x3, Void Ray  
  141  11:24  Twilight Council  
  148  11:31  Probe x2  
  151  11:43  Probe x2  
  152  11:55  Probe x2  
  152  12:00  Void Ray x2  
  162  12:01  Void Ray  
  162  12:03  Observer (Chrono Boost)  
  167  12:21  Observer (Chrono Boost)  
Show
View Real Time Build Order
Export as new Build Order

snowkitesurf Terran - Winner!

Build Orders: Mech 

Get SALT Encoding   

  12  0:02  SCV  
  13  0:18  SCV  
  13  0:19  Supply Depot  
  14  0:31  SCV  
  15  0:43  SCV, Barracks  
  16  0:52  Refinery  
  16  0:55  SCV  
  17  0:59  Refinery  
  17  1:07  SCV  
  18  1:23  SCV  
  19  1:30  Supply Depot  
  19  1:41  Factory  
  19  1:44  Barracks Tech Lab  
  19  1:48  SCV  
  20  2:00  SCV  
  21  2:12  SCV  
  21  2:13  Barracks Reactor, Supply Depot  
  22  2:24  SCV  
  23  2:33  Siege Tank  
  26  2:40  Armory  
  26  2:43  Orbital Command  
  26  2:50  Marine x2  
  28  3:00  Supply Depot  
  28  3:13  Marine x2  
  30  3:28  Thor  
  30  3:31  Marine x2  
  38  3:57  Marine x2  
  40  4:04  Terran Vehicle Weapons Level 1  
  40  4:15  Marine x2  
  35  5:13  Thor  
  39  5:23  Factory  
  39  5:27  Factory  
  33  5:31  Command Center, Engineering Bay  
  33  5:32  Marine  
  33  5:33  Marine  
  35  5:50  Supply Depot  
  35  5:53  Supply Depot  
  35  6:01  Missile Turret  
  35  6:04  Missile Turret  
  35  6:12  Missile Turret  
  35  6:31  Missile Turret  
  35  6:32  Missile Turret  
  32  6:53  Missile Turret  
  30  7:20  Factory Tech Lab x2  
  30  7:28  Refinery  
  30  7:31  Refinery  
  30  7:36  Missile Turret  
  30  7:39  SCV  
  30  7:41  SCV  
  32  7:51  SCV  
  33  7:53  SCV  
  34  8:03  SCV  
  36  8:05  SCV  
  36  8:15  SCV  
  36  8:17  SCV  
  38  8:27  SCV  
  38  8:29  SCV  
  40  8:41  Thor x3  
  32  9:35  Planetary Fortress  
  32  9:41  SCV  
  33  9:53  Marine x2, SCV  
  36  10:05  SCV  
  37  10:10  Marine x2  
  39  10:17  SCV  
  40  10:28  Marine x2  
  40  10:29  SCV  
  43  10:41  SCV  
  44  10:46  Marine  
  44  10:53  SCV  
  45  11:25  SCV  
  46  11:28  SCV  
  47  11:37  SCV  
  48  11:41  SCV  
  49  11:49  SCV  
  49  11:53  SCV  
  51  12:01  SCV  
  51  12:05  SCV  
  53  12:13  SCV  
Show
View Real Time Build Order
Export as new Build Order

Astor Zerg - Winner!

Build Orders: Pool First 

Get SALT Encoding   

  12  0:22  Spawning Pool  
  11  0:40  Extractor  
  10  0:46  Drone x2  
  12  1:09  Queen  
  14  1:14  Overlord  
  14  1:31  Extractor  
  13  1:33  Zergling x4  
  13  1:34  Zergling x2  
  17  1:47  Zergling x2  
  17  2:02  Zergling x2  
  18  2:09  Drone  
  19  2:20  Zergling x6  
  22  2:32  Overlord x2  
  19  3:01  Zergling x8  
  21  3:11  Metabolic Boost  
  21  3:14  Drone  
  19  3:36  Drone  
  19  3:41  Overlord  
  20  3:49  Overlord  
  20  4:05  Lair  
  16  4:31  Drone x2  
  16  4:32  Drone x4  
  22  4:46  Evolution Chamber  
  22  4:48  Evolution Chamber  
  20  4:53  Spore Crawler  
  19  5:18  Spore Crawler  
  19  5:19  Hatchery  
  17  5:26  Spine Crawler  
  16  5:29  Zergling x2  
  16  5:34  Zergling x2  
  18  5:57  Overseer  
  18  6:00  Drone  
  18  6:01  Drone x2  
  21  6:24  Drone  
  21  6:35  Baneling Nest  
  17  6:56  Spine Crawler  
  17  7:00  Spine Crawler  
  13  7:11  Zergling x4  
  14  7:27  Drone x2  
  14  7:28  Drone  
  17  7:33  Baneling x2  
  17  7:43  Drone  
  18  7:44  Drone  
  18  7:47  Drone  
  18  7:51  Drone  
  21  7:55  Drone  
  22  7:59  Drone  
  22  8:03  Drone  
  24  8:07  Drone  
  24  8:12  Drone  
  26  8:13  Drone  
  26  8:16  Drone  
  28  8:22  Overlord  
  28  8:38  Baneling x2  
  28  8:48  Drone x3  
  31  8:49  Queen  
  31  8:53  Queen  
  35  9:14  Centrifical Hooks  
  33  9:34  Drone x3  
  36  9:39  Zerg Melee Weapons Level 1  
  36  9:40  Zerg Missile Weapons Level 1  
  36  9:51  Overlord  
  36  9:52  Overlord  
  36  9:53  Overlord  
  36  10:01  Evolution Chamber  
  32  10:09  Queen  
  30  10:24  Spore Crawler x2  
  27  10:29  Spore Crawler x2  
  25  10:39  Zergling x8  
  25  10:40  Zergling x10  
  25  10:41  Zergling x2  
  35  11:03  Baneling x6  
  35  11:04  Baneling x6  
  35  11:05  Baneling x5  
  35  11:06  Baneling x3  
  35  11:10  Zerg Ground Armor Level 1  
  35  11:17  Drone  
  35  11:18  Drone  
  37  11:24  Extractor  
  36  11:29  Spine Crawler  
  35  11:36  Drone, Spine Crawler  
  35  11:37  Drone  
  36  11:45  Extractor  
  35  11:59  Drone x2  
  38  12:01  Drone x3  
  38  12:02  Drone  
  38  12:03  Queen  
  43  12:20  Overseer  
  33  12:41  Infestation Pit  
Show
View Real Time Build Order
Export as new Build Order

Xeno Zerg 

Build Orders: Pool First 

Get SALT Encoding   

  12  0:58  Drone x2  
  12  0:59  Overlord  
  14  1:07  Spawning Pool  
  13  1:15  Drone  
  14  1:26  Drone  
  15  1:40  Drone  
  15  1:42  Hatchery  
  15  1:49  Drone  
  16  1:59  Spore Crawler  
  15  2:01  Drone  
  15  2:02  Queen  
  15  2:05  Drone  
  19  2:22  Extractor  
  18  2:25  Extractor  
  17  2:40  Spore Crawler  
  14  3:01  Drone  
  14  3:02  Drone x2  
  16  3:16  Queen  
  16  3:17  Drone  
  19  3:25  Queen  
  21  3:27  Drone  
  21  3:28  Drone x2  
  24  3:39  Drone  
  24  3:40  Drone  
  26  3:58  Drone x2  
  28  4:03  Lair  
  25  4:26  Spine Crawler  
  25  4:29  Spine Crawler  
  23  4:33  Drone x5  
  28  5:12  Overlord x3  
  28  5:17  Extractor  
  28  5:19  Queen  
  28  5:20  Extractor  
  28  5:49  Drone x3  
  32  5:50  Drone x3  
  32  5:55  Spire  
  33  6:00  Drone x3  
  36  6:18  Drone  
  37  6:30  Drone x4  
  41  6:38  Drone x4  
  41  6:39  Drone  
  46  7:03  Overlord x2  
  46  7:09  Overlord x3  
  47  7:15  Drone x2  
  47  7:16  Drone  
  49  7:38  Hatchery  
  49  7:39  Mutalisk x5  
  49  7:40  Mutalisk  
  60  7:45  Mutalisk x3  
  60  7:46  Mutalisk x2  
  70  8:00  Pneumatized Carapace  
  48  9:43  Queen  
  48  9:45  Drone x4  
  52  9:46  Drone  
  31  11:40  Mutalisk x5  
  34  12:13  Mutalisk x2  
  38  12:16  Mutalisk  
Show
View Real Time Build Order
Export as new Build Order

cavasaigner Terran 

Build Orders: Banshee Rush 

Get SALT Encoding   

  12  0:03  SCV  
  13  0:15  SCV  
  14  0:25  Supply Depot  
  14  0:28  SCV  
  15  0:46  SCV  
  16  0:50  Barracks  
  16  0:59  SCV  
  17  1:11  SCV  
  18  1:12  Refinery  
  18  1:15  Refinery  
  18  1:23  SCV  
  19  1:35  SCV  
  19  1:38  Supply Depot  
  20  1:47  Orbital Command  
  20  1:53  Engineering Bay  
  20  2:00  Factory  
  20  2:14  SCV  
  21  2:23  Missile Turret  
  21  2:26  SCV  
  22  2:45  Starport, Supply Depot  
  22  2:47  Factory Tech Lab  
  22  3:32  Banshee  
  25  3:34  Cloaking Field  
  25  3:47  SCV  
  26  3:58  Command Center  
  26  3:59  SCV  
  27  4:11  SCV  
  27  4:15  Banshee  
  31  4:58  Banshee  
  34  5:48  Supply Depot  
  34  5:52  Banshee  
  37  6:34  Banshee  
  37  7:45  Starport Reactor  
  37  7:47  Starport  
  37  8:21  Viking x2  
  37  8:25  Starport Reactor  
  41  8:30  Supply Depot  
  41  8:51  Viking x2  
  41  8:53  Armory  
Show
View Real Time Build Order
Export as new Build Order

Дурень Terran 

Build Orders: MMM Bio 

Get SALT Encoding   

  12  2:22  Supply Depot x2  
  12  2:23  Supply Depot x2  
  12  2:26  SCV  
  13  2:38  SCV  
  13  2:40  Supply Depot  
  14  2:46  Supply Depot  
  14  2:50  SCV  
  15  2:52  Supply Depot  
  15  2:55  Barracks  
  15  2:59  Refinery  
  15  3:02  Refinery, SCV  
  16  3:11  Command Center  
  16  3:14  SCV  
  17  3:26  SCV  
  18  3:38  SCV  
  19  3:50  SCV  
  19  3:52  Barracks  
  20  3:56  Barracks  
  20  4:02  Barracks  
  20  4:07  SCV  
  21  4:15  Barracks Tech Lab  
  21  4:22  Factory  
  21  4:27  Orbital Command  
  21  4:49  SCV  
  22  4:59  Combat Shields  
  22  5:01  SCV  
  23  5:08  Barracks Reactor  
  23  5:10  Barracks Reactor  
  23  5:13  SCV  
  24  5:16  Barracks Reactor  
  24  5:25  SCV  
  24  5:26  Supply Depot  
  25  5:37  SCV  
  26  5:48  Marine  
  26  5:49  Marine x2, SCV  
  29  5:50  Marine  
  22  6:01  SCV  
  22  6:04  SCV  
  14  6:13  SCV  
  14  6:16  SCV  
  16  6:18  Stimpack  
  16  6:28  SCV  
  16  6:30  SCV  
  18  6:40  SCV  
  18  6:42  Refinery, SCV  
  20  6:52  SCV  
  21  7:04  SCV  
  21  7:06  Starport  
  22  7:10  Marine  
  22  7:11  Starport, Marine x2  
  22  7:12  Marine  
  22  7:13  Marine x2  
  28  7:16  SCV  
  29  7:28  SCV  
  30  7:36  SCV  
  31  7:40  SCV  
  21  7:48  SCV  
  21  7:53  Marine x2  
  21  7:54  Marine x5  
  23  8:11  Marine  
  16  8:27  SCV, Barracks  
Show
View Real Time Build Order
Export as new Build Order

UnHoLy Protoss 

Build Orders: 1 Gate Expand 

Get SALT Encoding   

  12  0:01  Probe (Chrono Boost)  
  13  0:11  Probe (Chrono Boost)  
  14  0:18  Pylon  
  14  0:23  Probe (Chrono Boost)  
  15  0:36  Probe (Chrono Boost)  
  16  0:43  Gateway  
  16  0:45  Assimilator  
  16  0:47  Probe (Chrono Boost)  
  17  1:16  Nexus  
  17  1:20  Probe (Chrono Boost)  
  18  1:30  Probe (Chrono Boost)  
  19  1:34  Cybernetics Core  
  19  1:39  Assimilator  
  19  1:47  Pylon  
  19  1:53  Zealot (Chrono Boost)  
  21  1:58  Probe  
  22  2:10  Probe (Chrono Boost)  
  22  2:11  Warp Gate  
  23  2:19  Adept  
  23  2:21  Probe (Chrono Boost)  
  26  2:31  Probe (Chrono Boost)  
  26  2:32  Mothership Core (Chrono Boost)  
  29  2:41  Probe (Chrono Boost)  
  30  2:46  Adept  
  32  2:51  Forge  
  32  2:52  Probe (Chrono Boost)  
  33  3:05  Pylon  
  33  3:12  Probe (Chrono Boost)  
  34  3:18  Pylon  
  34  3:23  Probe (Chrono Boost)  
  33  3:31  Adept  
  33  3:32  Probe (Chrono Boost)  
  36  3:34  Probe (Chrono Boost)  
  36  3:36  Protoss Ground Weapons Level 1 (Chrono Boost)  
  37  3:42  Probe  
  37  3:43  Photon Cannon  
  38  3:53  Probe  
  39  4:01  Twilight Council  
  39  4:03  Probe  
  39  4:05  Pylon  
  40  4:10  Gateway  
  40  4:13  Gateway  
  38  4:36  Adept  
  36  5:04  Probe  
  37  5:08  Assimilator  
  37  5:13  Assimilator  
  37  5:14  Probe  
  38  5:22  Adept x3  
  38  5:25  Probe  
  45  5:35  Probe  
  45  5:36  Protoss Ground Armor Level 1 (Chrono Boost)  
  45  5:37  Resonating Glaives (Chrono Boost)  
  46  5:46  Probe  
  47  5:57  Photon Cannon  
  47  6:01  Pylon  
  47  6:06  Robotics Facility  
  47  6:09  Pylon  
  47  6:10  Gateway  
  47  6:12  Probe  
  47  6:13  Gateway  
  48  6:22  Probe  
  47  6:33  Probe  
  42  7:16  Adept  
  42  7:17  Adept x2  
  42  7:18  Protoss Shields Level 1 (Chrono Boost)  
  42  7:20  Warp Prism  
  50  7:25  Blink (Chrono Boost)  
  50  7:31  Adept  
  52  7:56  Observer  
  52  7:58  Pylon  
  53  8:06  Gateway x2  
  53  8:15  Gateway  
  53  8:17  Pylon  
  53  9:04  Stalker x5  
  53  9:06  Immortal (Chrono Boost)  
  67  9:13  Charge  
  59  9:34  Stalker x4  
  59  9:35  Stalker x2  
  59  9:36  Stalker  
  73  9:39  Stalker  
  73  9:41  Immortal (Chrono Boost)  
  79  10:35  Zealot x5  
  85  10:36  Zealot x3  
  79  11:23  Stalker x2  
  79  11:24  Stalker x3  
  79  11:25  Stalker x3  
  95  11:30  Immortal (Chrono Boost)  
  99  11:53  Stalker  
  101  12:00  Pylon  
  101  12:07  Pylon x2  
  101  12:09  Pylon  
  101  12:10  Pylon  
  101  12:11  Pylon  
  101  12:13  Pylon  
  50  12:30  Mothership Core (Chrono Boost)  
Tags
 
Add a new tag
Caveats
  • Supply blocks, unpowered buildings, or Contaminate may cause inaccurate times.
  • Supply counts are checked every 10 seconds.